 Dungeon Crawl Stone Soup version 0.25.1-9-gc5326a611f (webtiles) character file.

Game seed: 17691494052708987421

115 RETERIOR the Stinger (level 4, -4/34 HPs)
             Began as a Draconian Venom Mage on Jan 2, 2021.
             Killed by divine providence
             ... invoked by an orc priest
              (14 damage)
             ... on level 3 of the Dungeon.
             The game lasted 00:07:24 (3293 turns).

RETERIOR the Stinger (Draconian Venom Mage)         Turns: 3293, Time: 00:07:24

Health: -4/34      AC:  5    Str: 11    XL:     4   Next: 68%
Magic:  1/8        EV: 12    Int: 16    God:
Gold:   117        SH:  0    Dex: 11    Spells: 8/9 levels left

rFire    . . .     SeeInvis .   f - +0 whip
rCold    . . .     Gourm    .   (no shield)
rNeg     . . .     Faith    .   (armour unavailable)
rPois    .         Spirit   .   (helmet restricted)
rElec    .         Reflect  .   (no cloak)
rCorr    .         Harm     .   (no gloves)
MR       .....                  (no boots)
Stlth    ++........             (no amulet)
HPRegen  0.11/turn              (no ring)
MPRegen  0.11/turn              (no ring)

@: no status effects
A: unfitting armour, cold-blooded, AC +5
a: no special abilities


You were on level 3 of the Dungeon.
You were hungry.

You visited 1 branch of the dungeon, and saw 3 of its levels.

You collected 117 gold pieces.

Inventory:

Hand Weapons
 f - a +0 whip (weapon)
Armour
 l - a cursed +1 ring mail
Jewellery
 d - an uncursed ring of protection from fire {unknown}
 j - an uncursed amulet of faith {unknown}
Scrolls
 a - 2 scrolls of identify {unknown}
 c - a scroll of amnesia {unknown}
 e - a scroll of teleportation
 i - 2 scrolls of enchant armour
Potions
 g - a potion of brilliance {unknown}
 h - a potion of lignification {unknown}
 k - a potion of invisibility {unknown}
Comestibles
 b - 4 rations


   Skills:
 + Level 0.5 Fighting
 + Level 0.8 Maces & Flails
 + Level 2.0 Dodging
 + Level 2.2 Stealth
 + Level 3.0 Spellcasting
 + Level 2.1 Transmutations
 + Level 3.7 Poison Magic


You had 8 spell levels left.
You knew the following spells:

 Your Spells              Type           Power        Failure   Level  Hunger
a - Sting                 Tmut/Pois      ##..         5%          1    #......

Your spell library contained the following spells:

 Spells                   Type           Power        Failure   Level  Hunger
 Poisonous Vapours        Pois/Air       #.....       13%         2    ##.....
 Ignite Poison            Fire/Tmut/Pois #.......     26%         3    ###....
 Mephitic Cloud           Conj/Pois/Air  #.......     32%         3    ###....
 Olgreb's Toxic Radiance  Pois           ##......     38%         4    #####..


Dungeon Overview and Level Annotations

Branches:
Dungeon (3/15)

Altars:
Ashenzari


Innate Abilities, Weirdness & Mutations

Your plain brown scales are hard. (AC +5)
You cannot fit into any form of body armour.
You are cold-blooded and may be slowed by cold attacks.


Message History

The orc looks even sicker.
The orc is severely wounded.
The orc priest invokes the aid of Beogh against you.
Beogh smites you!
* * * LOW HITPOINT WARNING * * *
You see here 2 stones.
Casting: Sting (safe; 5% risk of failure)
Confirm with . or Enter, or press ? or * to list all spells.
Aiming: Sting (safe; 5% risk of failure)
Press: ? - help, Shift-Dir - straight line, f/p - orc priest
Aim: an orc priest, wielding a +0 flail The sting hits the orc priest.
The orc priest is poisoned.
The orc priest is lightly wounded.
The orc priest invokes the aid of Beogh against you.
You barely resist.
An orc comes into view. It is wielding a +0 trident.
You kill the orc!
The orc priest invokes the aid of Beogh against you.
Beogh smites you!
You die...

#.#....##
#........# .
#.####..#
#......... .
#.# ##.# ##
#......... #
..# #.# ..
......##.# ....
#.# .# .##.
.#... #.# .#
... #.##...
#.######(###...
..# # . ##.#
#..##)...).....
..#. .#
##()o.(@####...
... #)o#####
... ###.# ##.#
.. #.g.# #..
###.#.##)#.#
##..
......gg.#o#
...
###.##o###oo
....


Soo ### ..... ...g. # ...o... # You could see an orc priest (poisoned) and an
orc.

Vanquished Creatures
  An orc priest (D:3)
  An adder (D:2)
  2 oozes
  4 worms (D:2)
  A dart slug (D:1)
  2 leopard geckos
  5 orcs (D:3)
  6 goblins
  8 hobgoblins
  4 jackals (D:2)
  3 kobolds
  A quokka (D:3)
  2 bats (D:2)
  3 frilled lizards
  6 rats
49 creatures vanquished.

Notes
Turn   | Place    | Note
-------+----------+-------------------------------------------
     0 | D:1      | RETERIOR the Draconian Venom Mage began the quest for the
                  | Orb.
     0 | D:1      | Reached XP level 1. HP: 14/14 MP: 3/3
   325 | D:1      | Reached XP level 2. HP: 18/20 MP: 0/5
  1216 | D:2      | Found a shattered altar of Ashenzari.
  1874 | D:2      | Reached XP level 3. HP: 26/26 MP: 2/6
  2887 | D:3      | Reached XP level 4. HP: 33/33 MP: 5/8
  3293 | D:3      | Killed from afar by an orc priest

Illustrated notes

Levels and vault maps discovered:
D:1:      roderic_crossed_star, layout_basic, grunt_decor_arrowhead
D:2:      layout_basic, evilmike_ruin_ashenzari
D:3:      layout_rooms, first_ration

Skill      XL: |  1  2  3  4 |
---------------+-------------+-----
Stealth        | 2 |  2.2
Transmutations | 2 |  2.1
Dodging        | 2 |  2.0
Spellcasting   | 3 |  3.0
Fighting       | |  0.5
Maces & Flails | |  0.8
Poison Magic   | |  3.7

Action                   |  1- 3 |  4- 6 || total
-------------------------+-------+-------++-------
Melee: Unarmed           |    15 |       ||    15
       Tailslap          |     3 |       ||     3
       Whip              |    42 |     6 ||    48
 Cast: Sting             |    63 |    24 ||    87
  Use: Scroll            |     1 |     3 ||     4
  Eat: Ration            |     1 |       ||     1
       Chunk             |     3 |     1 ||     4
Armor: Skin              |    13 |     4 ||    17
Dodge: Dodged            |    66 |    15 ||    81
